 Dungeon Crawl Stone Soup version 0.27.1-4-g1640c2035a (webtiles) character file.

Game seed: 7353059459811774093

6 styxcanada the Sneak (level 1, 0/11 HPs)
             Began as a Spriggan Brigand on Nov 9, 2021.
             Slain by a quokka (4 damage)
             ... on level 1 of the Dungeon.
             The game lasted 00:00:37 (318 turns).

styxcanada the Sneak (Spriggan Brigand)              Turns: 318, Time: 00:00:38

Health: 0/11       AC:  3    Str:  7    XL:     1   Next: 75%
Magic:  2/2        EV: 16    Int: 12    God:
Gold:   7          SH:  0    Dex: 16    Spells: 0/0 levels left

rFire    . . .     SeeInvis +   a - +2 dagger
rCold    . . .     Faith    .   (shield restricted)
rNeg     . . .     Spirit   .   b - +0 robe
rPois    .         Reflect  .   (helmet restricted)
rElec    .         Harm     .   c - +0 cloak
rCorr    .         Rampage  .   (gloves unavailable)
Will     .....                  (boots unavailable)
Stlth    +++.......             (no amulet)
HPRegen  0.03/turn              (no ring)
MPRegen  0.08/turn              (no ring)

@: very quick
A: very small, no large weapons, unfitting armour, see invisible, speed 3
a: no special abilities


You were on level 1 of the Dungeon.
You visited 1 branch of the dungeon, and saw 1 of its levels.

You collected 7 gold pieces.

Inventory:

Hand Weapons
 a - a +2 dagger (weapon)
Missiles
 d - 7 poisoned darts (quivered)
 e - 2 curare-tipped darts
Armour
 b - a +0 robe (worn)
 c - a +0 cloak (worn)


   Skills:
 * Level 1.7 Fighting
 + Level 2.2 Short Blades
 + Level 2.0 Throwing
 * Level 1.4 Dodging
 * Level 6.2 Stealth


You couldn't memorise any spells.
You didn't know any spells.
Your spell library was empty.

Dungeon Overview and Level Annotations

Branches:
Dungeon (1/15)

Altars:


Innate Abilities, Weirdness & Mutations

You are very small and have problems with some larger weapons.
You are too small for most types of armour.
You have supernaturally acute eyesight. (SInv)
You cover ground extremely quickly. (Speed+++)


Message History

Found a stone staircase leading down.
The helpless rat fails to defend itself.
You impale the rat!!
You kill the rat!
The quokka completely misses you.
You completely miss the quokka. The quokka misses you.
You closely miss the quokka. The quokka barely misses you.
You hit the quokka but do no damage. The quokka closely misses you.
You hit the quokka but do no damage. The quokka bites you.
You barely miss the quokka. The quokka barely misses you.
You hit the quokka but do no damage. The quokka bites you.
You hit the quokka.
The quokka is almost dead.
The quokka bites you but does no damage.
The quokka twitches its whiskers.
The quokka misses you.
You barely miss the quokka.
The quokka is almost dead.
The quokka closely misses you.
You hit the quokka.
You kill the quokka!
The endoplasm freezes you.
You are frozen.
The quokka barely misses you.
You see here a quokka corpse.
Throw: 8 darts (poison)
Press: ? - help, Q - select action, (/) - cycle Shift-Dir - straight line, f - quokka
Aim: a quokka (50% to hit)
You throw a poisoned dart. The poisoned dart misses the quokka.
The poisoned dart hits the endoplasm.
You hit the quokka.
The quokka is moderately wounded.
The quokka bites you.
You hit the quokka.
The quokka is heavily wounded.
The quokka misses you.
You hit the quokka but do no damage.
The quokka is heavily wounded.
The quokka bites you.
You die...

#.# #.# #.# #########
#.# #.......# #.##
#.#####.# #..## #.#
#.#########†..# #.#
###....@rJ..#.#.#.#.
#.#
#....#######†....b..#
#.# #.#.##
#.#.#.#.#.# #.# #.#.#
##...... #.###.#.#
#.#.#># #.......#
.......# # #.###..##
#.# #.## .# #.# #..#
#+# ## .## #.# #..###


You could see an endoplasm and a quokka.

Vanquished Creatures
  A dart slug (D:1)
  A quokka (D:1)
  A bat (D:1)
  2 rats (D:1)
5 creatures vanquished.

Notes
Turn   | Place    | Note
-------+----------+-------------------------------------------
     0 | D:1      | styxcanada the Spriggan Brigand began the quest for the
                  | Orb.
     0 | D:1      | Reached XP level 1. HP: 10/10 MP: 2/2
   179 | D:1      | Reached skill level 6 in Stealth
   318 | D:1      | Slain by a quokka

Illustrated notes

Levels and vault maps discovered:
D:1:      sevenhm_arrival_forest_fort_large_4, layout_loops_corners, st_stairs_8

Skill      XL: |  1 |
---------------+----+-----
Stealth        | 6 |  6.2
Fighting       | |  1.7
Short Blades   | |  2.2
Throwing       | |  2.0
Dodging        | |  1.4

Action                   || total
-------------------------++-------
Melee: Dagger            ||    21
Throw: Dart              ||     1
 Stab: Sleeping          ||     2
Armor: Robe              ||     1
Dodge: Dodged            ||    12
